 BcadrenCrawl: Boulder Brew version 0.05.31-22-geda828027a (webtiles) character file.

Game seed: 12118723701085660287, levelgen mode: deterministic

1574 BR41ND34D the Ducker (level 8, -7/58 HPs) Mummified Gnoll. Began on Oct 1, 2021. Mangled by a wolf spider zombie (11 damage) ... on level 4 of the Dungeon. The game lasted 00:28:55 (4567 turns).

BR41ND34D the Ducker (Gnoll Mummy)                  Turns: 4567, Time: 00:28:56

Health: -7/58      AC: 11    Str: 13    XL:     8 ^: 104
Magic:  18/18      EV: 13    Int: 24    God:
Gold:   280        SH:  2    Dex: 10    Spells: 23/30 levels left

rFire    x . .     Vision   .   a - +0 short sword
rCold    + . .     Gourm    .   h - +0 buckler
rNeg     + + +     Faith    .   b - +0 ring mail
rCorr    . . .     Spirit   .   (no helmet)
rPois    ∞         Reflect  .   j - +0 cloak
rElec    .         Harm     .   e - +2 pair of gloves
MR       .....                  m - +0 pair of boots
Stlth    ++........             (no amulet)
HPRegen  0.29/turn              (no ring)
MPRegen  0.28/turn              (no ring)

@: no status effects
A: distributed training, fangs, cold resistance 1, negative energy resistance 3,
torment resistance, unbreathing, heat vulnerability 1, in touch with death 1,
strong nose, ancient wisdom
a: no special abilities


You were on level 4 of the Dungeon.
You were not hungry.

You visited 1 branch of the dungeon, and saw 4 of its levels.

You collected 280 gold pieces.

Inventory:

Weapons
 a - a +0 short sword (weapon)
 d - a +0 short sword Shields
 h - a +0 buckler (shield)
 k - a +0 heater shield
Armour
 b - a +0 ring mail (worn)
 e - a +2 pair of gloves (worn)
 j - a +0 cloak (worn)
 m - a +0 pair of boots (worn)
 n - a +0 troll leather {Purgy}
Jewellery
 g - a cursed ring of teleportation {(Curse: rC-)}
Wands
 o - a wand of flame (13)
 p - a wand of polymorph (10)
Scrolls
 c - 2 scrolls of teleportation
 f - a scroll of magic mapping
 i - 2 scrolls of fog
 l - 2 scrolls of blinking
 q - a scroll of torment


   Skills:
 + Level 3.0 Fighting
 + Level 5.5 Short Blades
 + Level 3.0 Long Blades
 + Level 3.0 Axes & Hammers
 + Level 3.0 Whips & Flails
 + Level 3.0 Polearms
 + Level 3.0 Maces & Staves
 + Level 3.0 Slings
 + Level 3.0 Bows
 + Level 3.0 Crossbows
   Level 0.0 Throwing
 + Level 3.0 Armour
 + Level 7.2 Dodging
 + Level 5.2 Stealth
 + Level 3.0 Shields
 + Level 3.0 Unarmed Combat
 + Level 6.8 Spellcasting
 + Level 3.0 Hexes
 + Level 3.0 Charms
 + Level 3.0 Summonings
 + Level 6.9 Necromancy
 + Level 3.0 Translocations
 + Level 3.0 Transmutations
 + Level 3.0 Fire Magic
 + Level 3.0 Ice Magic
 + Level 3.0 Air Magic
 + Level 3.0 Earth Magic
 + Level 3.0 Poison Magic
 + Level 4.9 Invocations
 + Level 3.6 Evocations


You had 23 spell levels left.
You knew the following spells:

 Your Spells              Type           Power        Failure   Level  Hunger
a - Pain                  Hex/Necr       25 (25)      1%          1    N/A
b - Vampiric Draining     Necr           58 (200)     1%          3    N/A
c - Mephitic Cloud        Pois/Air       22 (100)     11%         3    N/A

Your spell library contained the following spells:

 Spells                   Type           Power        Failure   Level  Hunger
 Flame Tongue             Fire           22 (30)      3%          1    N/A
 Slow                     Hex            22 (100)     3%          1    N/A
 Summon Small Mammal      Summ           22 (25)      3%          1    N/A
 Pryten's Skeletal Upris  Chrm/Necr      48 (200)     4%          3    N/A
 Blink                    Tloc           N/A          5%          2    N/A
 Call Imp                 Summ           22 (100)     5%          2    N/A
 Animate Dead             Necr           N/A          7%          4    N/A
 Call Canine Familiar     Summ           22 (100)     11%         3    N/A
 Conjure Flame            Fire           22 (100)     11%         3    N/A
 Portal Projectile        Chrm/Tloc      22 (50)      11%         3    N/A
 Muse Oam's Air Blast     Tloc/Air       22 (100)     34%         4    N/A
 Summon Ice Beast         Ice/Summ       22 (100)     34%         4    N/A
 Summon Lightning Spire   Summ/Air       22 (100)     67%         5    N/A
 Dispersal                Tloc           22 (200)     99%         6    N/A
 Controlled Blink         Tloc           22 (100)     100%        7    N/A
 Disjunction              Tloc           22 (200)     100%        8    N/A
 Unstable Fiery Dash      Fire/Tloc      22 (200)     100%        8    N/A
 Regeneration             Chrm/Necr      Unusable     N/A         3    N/A

Dungeon Overview and Level Annotations

Branches:
Dungeon (4/8)
 Temple: D:4

Altars:
Nemelex Xobeh

Shops:
D:3 *

Annotations:
D:4 Grum


Innate Abilities, Weirdness & Mutations

Your experience applies equally to all skills.
You are immune to poison.
You have razor-sharp fangs.
You are cold resistant. (rC+)
You are immune to negative energy. (rN+++)
You are immune to unholy pain and torment.
You can survive without breathing.
You are vulnerable to heat. (rF-)
You are in touch with the powers of death.
Your uncanny sense of smell can sniff out nearby items.
You can memorise 50% more levels worth of spells.
You gain random stats at level up more slowly, but gain an extra +1 intelligence each time.


Message History

The wolf spider zombie is undamaged. (92/92) HP The wolf spider zombie hits you (19)!!
The wolf spider zombie bites you (4).
You hit the wolf spider zombie but do no damage.
The wolf spider zombie is undamaged. (92/92) HP The wolf spider zombie hits you (10)!
The wolf spider zombie closely misses you (0).
You hit the wolf spider zombie but do no damage.
The wolf spider zombie is undamaged. (92/92) HP The wolf spider zombie hits you but does no damage.
The wolf spider zombie barely misses you (0).
You hit the wolf spider zombie but do no damage.
The wolf spider zombie is undamaged. (92/92) HP The wolf spider zombie hits you (10)!
* * * LOW HITPOINT WARNING * * *
The wolf spider zombie bites you (4).
* * * LOW HITPOINT WARNING * * *
The wolf spider zombie hits you (5).
* * * LOW HITPOINT WARNING * * *
The wolf spider zombie bites you (11)!
You die...

#........ #........#
#........# #........##
#......... #........
.###+###.†###'######
......Z...'.........
.......@..#...####
.....†....#...# #
..........#...# #.
..........#...# #..
..........#...# #..
?......####...# ##..
###....#......####.
....
#....#............####
#...<........#...


You could see a wolf spider zombie.

Vanquished Creatures
  A spriggan (D:4)
  2 war dogs
  Purgy (D:2)
  A water moccasin (D:2)
  2 ogres (D:3)
  2 big kobolds (D:2)
  A bullfrog (D:2)
  2 jellies (D:2)
  A crimson imp (D:3)
  A hound (D:3)
  An orc wizard (D:4)
  An iguana (D:4)
  2 worker ants
  3 giant cockroaches
  4 adders
  13 sewer rats (D:2)
  2 oozes
  6 worms
  3 cinder newts
  2 dart slugs
  3 leopard geckos
  9 orcs
  7 goblins (D:1)
  A hobgoblin (D:1)
  16 kobolds
  A quokka (D:3)
  2 ball pythons
  3 bats (D:1)
  A jackal skeleton (D:3)
  An orc skeleton (D:2)
  6 rats (D:1)
  37 withered plants (D:2)
138 creatures vanquished.

Vanquished Creatures (others)
  2 giant blowflies (D:2)
  107 withered plants (D:2)
109 creatures vanquished.

Grand Total: 247 creatures vanquished

Notes
Turn   | Place    | Note
-------+----------+-------------------------------------------
     0 | D:1      | BR41ND34D the Gnoll Mummy began the quest for the Orb.
     0 | D:1      | Reached XP level 1. HP: 13/13 MP: 6/6
    15 | D:1      | Reached XP level 2. HP: 17/19 MP: 3/7
   200 | D:1      | Reached skill level 5 in Spellcasting
   217 | D:1      | Reached skill level 1 in Invocations
   217 | D:1      | Reached XP level 3. HP: 17/25 MP: 4/9
   409 | D:1      | Identified a scroll of acquirement
   719 | D:1      | Learned a level 3 spell: Vampiric Draining
   923 | D:2      | Reached skill level 1 in Evocations
   923 | D:2      | Reached XP level 4. HP: 31/31 MP: 8/11
   924 | D:2      | Noticed a water moccasin
   947 | D:2      | Killed a water moccasin
   947 | D:2      | Reached skill level 1 in Fighting
   947 | D:2      | Reached skill level 1 in Long Blades
   947 | D:2      | Reached skill level 1 in Axes & Hammers
   947 | D:2      | Reached skill level 1 in Whips & Flails
   947 | D:2      | Reached skill level 1 in Polearms
   947 | D:2      | Reached skill level 1 in Maces & Staves
   947 | D:2      | Reached skill level 1 in Slings
   947 | D:2      | Reached skill level 1 in Bows
   947 | D:2      | Reached skill level 1 in Crossbows
   947 | D:2      | Reached skill level 1 in Armour
   947 | D:2      | Reached skill level 1 in Shields
   947 | D:2      | Reached skill level 1 in Unarmed Combat
   947 | D:2      | Reached skill level 1 in Hexes
   947 | D:2      | Reached skill level 1 in Charms
   947 | D:2      | Reached skill level 1 in Summonings
   947 | D:2      | Reached skill level 1 in Translocations
   947 | D:2      | Reached skill level 1 in Transmutations
   947 | D:2      | Reached skill level 1 in Fire Magic
   947 | D:2      | Reached skill level 1 in Ice Magic
   947 | D:2      | Reached skill level 1 in Air Magic
   947 | D:2      | Reached skill level 1 in Earth Magic
   947 | D:2      | Reached skill level 1 in Poison Magic
   947 | D:2      | Reached XP level 5. HP: 28/37 MP: 1/12
  1005 | D:2      | Found a sparkling altar of Nemelex Xobeh.
  1345 | D:2      | Reached XP level 6. HP: 43/43 MP: 5/14
  1388 | D:2      | Learned a level 3 spell: Mephitic Cloud
  1580 | D:2      | Identified the cursed ring "Miutenic" {rF+ MP+9 Stlth+,
                  | (Curse: Fragile MR-)}
  2429 | D:2      | Reached XP level 7. HP: 47/49 MP: 2/15
  2691 | D:2      | Noticed Purgy
  2818 | D:2      | Killed Purgy
  2818 | D:2      | Reached skill level 5 in Short Blades
  3319 | D:3      | Reached skill level 7 in Dodging
  3319 | D:3      | Reached XP level 8. HP: 57/57 MP: 5/17
  3569 | D:3      | Found Koudghio's Mass Market.
  4093 | D:4      | Noticed Grum
  4103 | D:4      | Reached skill level 5 in Stealth
  4567 | D:4      | Mangled by a wolf spider zombie

Levels and vault maps discovered:
D:1:      evilmike_arrival_hilbert_curve, layout_basic, minmay_tromino_i2
D:2:      layout_sewer, nemelex_altar_shiori, purgy_house
D:3:      layout_basic, first_ration, minmay_shop_mass
D:4:      layout_irregular_city, lemuel_round_altar,
          minmay_temple_entry_junction, serial_shops, nicolae_shop_trees,
          the_bakery, uniq_grum, uniq_pikel

Skill      XL: |  1  2  3  4  5  6  7  8 |
---------------+-------------------------+-----
Spellcasting   | 5 6 |  6.8
Invocations    | 1 2 3 4 |  4.9
Evocations     | 1 2 3 |  3.6
Fighting       | 1 2 3 |  3.0
Long Blades    | 1 2 3 |  3.0
Axes & Hammers | 1 2 3 |  3.0
Whips & Flails | 1 2 3 |  3.0
Polearms       | 1 2 3 |  3.0
Maces & Staves | 1 2 3 |  3.0
Slings         | 1 2 3 |  3.0
Bows           | 1 2 3 |  3.0
Crossbows      | 1 2 3 |  3.0
Armour         | 1 2 3 |  3.0
Shields        | 1 2 3 |  3.0
Unarmed Combat | 1 2 3 |  3.0
Hexes          | 1 2 3 |  3.0
Charms         | 1 2 3 |  3.0
Summonings     | 1 2 3 |  3.0
Translocations | 1 2 3 |  3.0
Transmutations | 1 2 3 |  3.0
Fire Magic     | 1 2 3 |  3.0
Ice Magic      | 1 2 3 |  3.0
Air Magic      | 1 2 3 |  3.0
Earth Magic    | 1 2 3 |  3.0
Poison Magic   | 1 2 3 |  3.0
Necromancy     | 6 |  6.9
Short Blades   | 5 |  5.5
Dodging        | 7 |  7.2
Stealth        | 5 |  5.2

Action                   |  1- 3 |  4- 6 |  7- 9 || total
-------------------------+-------+-------+-------++-------
Melee: Short sword       |    30 |   187 |   179 ||   396
       Unarmed           |    27 |       |       ||    27
       Tailslap          |     1 |    25 |    10 ||    36
 Cast: Pain              |    37 |    85 |    93 ||   215
       Vampiric Draining |       |     6 |    18 ||    24
       Mephitic Cloud    |       |       |     4 ||     4
  Use: Scroll            |       |     1 |       ||     1
 Stab: Sleeping          |       |       |     1 ||     1
Armor: Ring mail         |     8 |    14 |    57 ||    79
Dodge: Dodged            |    37 |    29 |   145 ||   211
Block: Buckler           |       |     2 |    13 ||    15
